 Dungeon Crawl Stone Soup version 0.24.0-37-gcf1ca852f1 (webtiles) character file.

Game seed: 14321192676283830509, levelgen mode: deterministic

276 Cryoshakespeare the Shooter (level 6, -10/56 HPs)
             Began as a Naga Wanderer on Nov 23, 2019.
             Was an Initiate of Cheibriados.
             Mangled by Crazy Yiuf
             ... wielding a +2 quarterstaff of chaos
              (14 damage)
             ... on level 3 of the Dungeon.
             The game lasted 00:06:40 (3041 turns).

Cryoshakespeare the Shooter (Naga Wanderer)         Turns: 3041, Time: 00:06:40

Health: -10/56     AC:  6    Str: 16    XL:     6   Next: 25%
Magic:  9/9        EV:  8    Int: 22    God:    Cheibriados [......]
Gold:   91         SH:  0    Dex:  9    Spells: 8/9 levels left

rFire    + . .     SeeInvis +   b - +2 falchion (flame)
rCold    . . .     Gourm    .   (no shield)
rNeg     . . .     Faith    .   i - +2 leather armour {rF+}
rPois    +         Spirit   .   j - +0 helmet
rElec    .         Reflect  .   (no cloak)
rCorr    .         Harm     +   (no gloves)
MR       .....                  (no barding)
Stlth    +.........             m - amulet of harm (curse)
HPRegen  0.18/turn              h - ring of flight
MPRegen  0.11/turn              (no ring)

@: brilliant, lethally poisoned (-10 -> -13), lightly drained, very slow
A: large, see invisible, deformed body, poison resistance, slowness 2, slow
metabolism 1, spit poison 1, AC +2
a: Spit Poison, Bend Time, Renounce Religion, Evoke Flight


You were on level 3 of the Dungeon.
You worshipped Cheibriados.
Cheibriados was noncommittal.
You were not hungry.

You visited 1 branch of the dungeon, and saw 3 of its levels.

You collected 91 gold pieces.

Inventory:

Hand Weapons
 a - a +2 shortbow
 b - a +2 falchion of flaming (weapon)
Missiles
 p - 6 arrows
Armour
 i - a +2 leather armour of fire resistance (worn)
 j - a +0 helmet (worn)
 q - a +2 robe of the Archmagi
Jewellery
 h - a ring of flight (left hand)
 m - a cursed amulet of harm (around neck)
Wands
 c - a wand of polymorph (7)
Scrolls
 d - a scroll of immolation {unknown}
 e - 2 scrolls of teleportation {unknown}
 g - 3 scrolls of identify {unknown}
 l - a scroll of magic mapping {unknown}
Comestibles
 f - 5 rations
 n - a chunk of flesh


   Skills:
 - Level 3.0(2.6) Fighting
 + Level 5.8(5.4) Bows
 - Level 1.0(0.6) Throwing
 - Level 1.5(1.1) Stealth
 - Level 2.0(1.6) Spellcasting
 - Level 1.0(0.6) Ice Magic


You had 8 spell levels left.
You knew the following spells:

 Your Spells              Type           Power        Failure   Level  Hunger
a - Freeze                Ice            ###.         1%          1    #......

Your spell library contained the following spells:

 Spells                   Type           Power        Failure   Level  Hunger
 Ozocubu's Armour         Chrm/Ice       ###.....     5%          3    ###....


Dungeon Overview and Level Annotations

Branches:
Dungeon (3/15)

Altars:
Cheibriados
Dithmenos
Elyvilon
Okawaru

Annotations:
D:3 Crazy Yiuf


Innate Abilities, Weirdness & Mutations

You cannot wear boots.
Your serpentine skin is tough. (AC +2)
You have supernaturally acute eyesight. (SInv)
Armour fits poorly on your strangely shaped body.
Your system is resistant to poisons. (rPois)
You cover ground very slowly.
You have a slow metabolism.
You can spit poison.


Message History

Crazy Yiuf hits you with a +2 quarterstaff of chaos!
* * * LOW HITPOINT WARNING * * *
Crazy Yiuf freezes you.
* * * LOW HITPOINT WARNING * * *
Crazy Yiuf drinks a potion.
Crazy Yiuf suddenly seems more agile.
Crazy Yiuf hits you with a +2 quarterstaff of chaos.
* * * LOW HITPOINT WARNING * * *
Crazy Yiuf freezes you.
Crazy Yiuf hits you with a +2 quarterstaff of chaos!
* * * LOW HITPOINT WARNING * * *
Crazy Yiuf hits you with a +2 quarterstaff of chaos.
* * * LOW HITPOINT WARNING * * *
You blink.
You turn to flesh and can move again.
You closely miss Crazy Yiuf.
Crazy Yiuf is lightly wounded.
* * * LOW HITPOINT WARNING * * *
You feel sick.
Crazy Yiuf hits you with a +2 quarterstaff of chaos!
You die...

.#...........#.....##
.##.##..............##
)##.#........).......#
.##.################.#####
.#### #.....## .# #......##
)####### ##### #.......#
....#.P## ###..)# #.......#
.#.....P####.'.g@# #.......#
.##....#.#).##...# #[......#
.####...#.######## #.......#
.# ####### #......## .#
#....)..#
####################.......#
...............##..........#
#####..........##..........#
.# #..........##..........#


You could see Crazy Yiuf.

Vanquished Creatures
  An orc priest (D:3)
  An orc wizard (D:3)
  Natasha (thrice) (D:3)
  Robin (D:3)
  4 adders
  An ooze (D:3)
  4 dart slugs
  3 worms (D:2)
  2 leopard geckos
  3 orcs (D:3)
  2 giant cockroaches
  14 goblins
  14 hobgoblins
  2 jackals (D:2)
  5 kobolds
  8 bats
  3 frilled lizards
  5 rats
  3 fungi (D:3)
79 creatures vanquished.

Notes
Turn   | Place    | Note
-------+----------+-------------------------------------------
     0 | D:1      | Cryoshakespeare the Naga Wanderer began the quest for the
                  | Orb.
     0 | D:1      | Cryoshakespeare set off with the following items: a +2
                  | shortbow, 23 arrows, a potion of curing, a +0 robe, a
                  | ration; and the following spell memorised: Freeze; and the
                  | following spells available to memorise: Ozocubu's Armour
     0 | D:1      | Reached XP level 1. HP: 21/21 MP: 3/3
    88 | D:1      | Reached skill level 2 in Bows
   250 | D:1      | Reached XP level 2. HP: 28/28 MP: 5/5
   490 | D:1      | Reached skill level 3 in Bows
   508 | D:1      | Reached XP level 3. HP: 25/34 MP: 6/6
  1305 | D:2      | Reached XP level 4. HP: 42/42 MP: 7/7
  1311 | D:2      | Reached skill level 4 in Bows
  1434 | D:2      | Found a shadowy altar of Dithmenos.
  1544 | D:2      | Found a faded altar of an unknown god.
  1558 | D:3      | Noticed Robin
  1805 | D:3      | Noticed Natasha
  1811 | D:3      | Killed Natasha
  1811 | D:3      | Reached XP level 5. HP: 49/49 MP: 8/8
  1999 | D:3      | HP: 2/49 [orc/+0 dagger (1)]
  2004 | D:3      | Reached skill level 5 in Bows
  2004 | D:3      | HP: 1/49 [orc wizard/magic dart (4)]
  2010 | D:3      | HP: 1/49 [orc/+0 dagger (1)]
  2330 | D:3      | Noticed Natasha
  2336 | D:3      | Killed Natasha
  2336 | D:3      | Reached XP level 6. HP: 52/56 MP: 9/9
  2396 | D:3      | Killed Robin
  2639 | D:3      | Noticed Natasha
  2649 | D:3      | Killed Natasha
  2737 | D:3      | Found a snail-covered altar of Cheibriados.
  2741 | D:3      | Became a worshipper of Cheibriados the Contemplative
  2745 | D:3      | Found an iron altar of Okawaru.
  2748 | D:3      | Found a white marble altar of Elyvilon.
  3022 | D:3      | Found a runed translucent door.
  3023 | D:3      | Noticed Crazy Yiuf
  3041 | D:3      | Mangled by Crazy Yiuf

Levels and vault maps discovered:
D:1:      onia_arrival_pyramid, layout_loops_corners, minmay_statues_item
D:2:      layout_basic, chequers_ecumenical_altar_twisty,
          nicolae_dithmenos_through_a_glass_darkly
D:3:      layout_rooms, grunt_temple_overflow_diamond, uniq_natasha,
          uniq_crazy_yiuf_cottage, uniq_robin

Skill      XL: |  1  2  3  4  5 |
---------------+----------------+-----
Bows           | 2 3 4 5 |  5.8
Fighting       | |  3.0
Throwing       | |  1.0
Stealth        | |  1.5
Spellcasting   | |  2.0
Ice Magic      | |  1.0

Action                   |  1- 3 |  4- 6 || total
-------------------------+-------+-------++-------
Melee: Unarmed           |       |    23 ||    23
       Hand axe          |       |    18 ||    18
       Falchion          |       |    67 ||    67
 Fire: Shortbow          |   100 |    61 ||   161
 Abil: Evoke Flight      |     1 |     1 ||     2
  Use: Potion            |       |     7 ||     7
 Stab: Invisible         |       |     1 ||     1
  Eat: Chunk             |     1 |     4 ||     5
Armor: Leather armour    |    15 |    56 ||    71
Dodge: Dodged            |    11 |    61 ||    72
       Rpst.: Falchion   |       |     6 ||     6
